PL
BOSTON PATRIOTS @ ST. LOUIS COEUR
08/27/2042
 
TOP OF THE 1ST
Boston Patriots batting - Pitching for St. Louis Coeur : LHP Ralph Greer
Pitching: LHP Ralph Greer
Batting: LHB Juan Andrés Martí 0-0: Swinging Strike
0-1: Ball
1-1: Foul Ball, location: 2F
1-2: Foul Ball, location: 2F
1-2: Ball
2-2: Ball
3-2: Ground out 4-3 (Groundball, 4, EV 87.5 MPH)
Batting: RHB Tyler Bowen 0-0: Ball
1-0: Ball
2-0: SINGLE (Groundball, 6MD, EV 100.0 MPH)
Batting: SHB Eisse van Opdorp 0-0: Ball
1-0: Swinging Strike
1-1: Ball
2-1: DOUBLE (Line Drive, 7LS, EV 113.8 MPH)
Tyler Bowen to third
Batting: SHB Jasper Morrison 0-0: Called Strike
0-1: Foul Ball, location: 2F
0-2: Strikes out swinging
Batting: RHB Jon Osterman 0-0: Called Strike
0-1: Ball
1-1: Foul Ball, location: 2F
1-2: Strikes out swinging
Top of the 1st over - 0 runs, 2 hits, 0 errors, 2 left on base; Boston 0 - St. Louis 0
BOTTOM OF THE 1ST
St. Louis Coeur batting - Pitching for Boston Patriots : RHP Nicky Bogdan
Pitching: RHP Nicky Bogdan
Batting: RHB Nobuhisa Murakami 0-0: Ball
1-0: Foul Ball, location: 2F
1-1: Ball
2-1: Ground out 6-3 (Groundball, 6, EV 93.8 MPH)
Batting: LHB Tillmam Cru 0-0: Ball
1-0: Foul Ball, location: 2F
1-1: Ball
2-1: Ball
3-1: Fly out, F8 (Flyball, 8LD, EV 94.4 MPH)
Batting: LHB Qing-nian Zexian 0-0: Ball
1-0: Called Strike
1-1: Fly out, F7 (Line Drive, 7D, EV 88.8 MPH)
Bottom of the 1st over - 0 runs, 0 hits, 0 errors, 0 left on base; Boston 0 - St. Louis 0
TOP OF THE 2ND
Boston Patriots batting - Pitching for St. Louis Coeur : LHP Ralph Greer
Batting: RHB Alfredo Araújo 0-0: Ball
1-0: Ground out 5-3 (Groundball, 56, EV 101.9 MPH)
Batting: RHB Eikki Kankaanperä 0-0: Called Strike
0-1: Called Strike
0-2: Strikes out swinging
Batting: RHB Juan Dávila 0-0: Ground out U3 (Groundball, 3, EV 81.2 MPH)
Top of the 2nd over - 0 runs, 0 hits, 0 errors, 0 left on base; Boston 0 - St. Louis 0
BOTTOM OF THE 2ND
St. Louis Coeur batting - Pitching for Boston Patriots : RHP Nicky Bogdan
Batting: RHB Jaime Soto 0-0: Called Strike
0-1: Ball
1-1: SINGLE (Flyball, 78S, EV 86.2 MPH)
Batting: LHB Jae-seop Byeon 0-0: Called Strike
0-1: Foul Ball, location: 2F
0-2: Foul Ball, location: 2F
0-2: Fly out, F7 (Flyball, 7D, EV 85.6 MPH)
Batting: RHB Guillermo Coss 0-0: Ball
1-0: Ball
2-0: Foul Ball, location: 2F
2-1: Swinging Strike
2-2: Foul Ball, location: 2F
2-2: Fielders Choice at 2nd, 4-6 (Groundball, 34, EV 108.8 MPH)
Batting: RHB Joel Iyiegbuniwe 0-0: Ball
Guillermo Coss is caught stealing 2nd base 2-4
Bottom of the 2nd over - 0 runs, 1 hit, 0 errors, 0 left on base; Boston 0 - St. Louis 0
TOP OF THE 3RD
Boston Patriots batting - Pitching for St. Louis Coeur : LHP Ralph Greer
Batting: RHB Frank Ray 0-0: Ground out 4-3 (Groundball, 4, EV 80.0 MPH)
Batting: LHB Juan Andrés Martí 0-0: Ball
1-0: Ground out 5-3 (Groundball, 56S, EV 71.2 MPH)
Batting: RHB Tyler Bowen 0-0: Ball
1-0: Foul Ball, location: 2F
1-1: Called Strike
1-2: DOUBLE (Flyball, 8RXD, EV 88.8 MPH)
Batting: SHB Eisse van Opdorp 0-0: Foul Ball, location: 2F
0-1: Ball
1-1: Ball
2-1: Foul Ball, location: 2F
2-2: Foul Ball, location: 2F
2-2: Strikes out swinging
Top of the 3rd over - 0 runs, 1 hit, 0 errors, 1 left on base; Boston 0 - St. Louis 0
BOTTOM OF THE 3RD
St. Louis Coeur batting - Pitching for Boston Patriots : RHP Nicky Bogdan
Batting: RHB Joel Iyiegbuniwe 0-0: Ball
1-0: Ball
2-0: DOUBLE (Line Drive, 9LD, EV 111.2 MPH)
Batting: RHB Ik-jun Cho 0-0: Foul Ball, location: 2F
0-1: Fly out, F6 (Line Drive, 6, EV 73.8 MPH)
Batting: LHB Pedro Marrero 0-0: Foul Ball, location: 2F
0-1: Ball
1-1: Foul Ball, location: 2F
1-2: Ground out 5-3 (Groundball, 56, EV 106.9 MPH)
Batting: RHB Nobuhisa Murakami 0-0: Ball
1-0: Ball
2-0: Ground out 1-3 (Groundball, P, EV 90.6 MPH)
Bottom of the 3rd over - 0 runs, 1 hit, 0 errors, 1 left on base; Boston 0 - St. Louis 0
TOP OF THE 4TH
Boston Patriots batting - Pitching for St. Louis Coeur : LHP Ralph Greer
Batting: SHB Jasper Morrison 0-0: Ball
1-0: Called Strike
1-1: Swinging Strike
1-2: Foul Ball, location: 2F
1-2: Ball
2-2: Ball
3-2: Foul Ball, location: 2F
3-2: Base on Balls
Batting: RHB Jon Osterman 0-0: Swinging Strike
0-1: Ball
1-1: Ground out 6-3 (Groundball, 4MS, EV 83.1 MPH)
Jasper Morrison to second
Batting: RHB Alfredo Araújo 0-0: DOUBLE (Groundball, 5L, EV 103.8 MPH)
Jasper Morrison scores
Batting: RHB Eikki Kankaanperä 0-0: Foul Ball, location: 2F
0-1: Ball
1-1: Fly out, F5 (Line Drive, 5, EV 70.0 MPH)
Batting: RHB Juan Dávila 0-0: Ball
1-0: Fly out, F7 (Flyball, 78S, EV 87.5 MPH)
Top of the 4th over - 1 run, 1 hit, 0 errors, 1 left on base; Boston 1 - St. Louis 0
BOTTOM OF THE 4TH
St. Louis Coeur batting - Pitching for Boston Patriots : RHP Nicky Bogdan
Batting: LHB Tillmam Cru 0-0: Called Strike
0-1: Ball
1-1: Swinging Strike
1-2: Ball
2-2: Foul Ball, location: 2F
2-2: Ball
3-2: Fly out, F8 (Flyball, 89S, EV 98.1 MPH)
Batting: LHB Qing-nian Zexian 0-0: Called Strike
0-1: Ball
1-1: Called Strike
1-2: SINGLE (Groundball, 56D, EV 105.6 MPH)
Batting: RHB Jaime Soto 0-0: Ball
1-0: Ball
2-0: Fielders Choice at 2nd, 4-6 (Groundball, 34, EV 103.1 MPH)
Batting: LHB Jae-seop Byeon 0-0: Ball
1-0: Called Strike
1-1: Called Strike
1-2: Ball
2-2: Foul Ball, location: 2F
2-2: Foul Ball, location: 2F
2-2: SINGLE (Groundball, 15, EV 65.0 MPH) (infield hit)
Jaime Soto to second
Batting: RHB Guillermo Coss 0-0: Swinging Strike
0-1: Ball
1-1: Swinging Strike
1-2: Ball
2-2: Fly out, F8 (Flyball, 78D, EV 94.4 MPH)
Bottom of the 4th over - 0 runs, 2 hits, 0 errors, 2 left on base; Boston 1 - St. Louis 0
TOP OF THE 5TH
Boston Patriots batting - Pitching for St. Louis Coeur : LHP Ralph Greer
Batting: RHB Frank Ray 0-0: SINGLE (Groundball, 6MD, EV 101.2 MPH)
Batting: LHB Juan Andrés Martí 0-0: Swinging Strike
0-1: Foul Ball, location: 2F
0-2: Foul Ball, location: 2F
0-2: Strikes out looking
Batting: RHB Tyler Bowen 0-0: Ball
1-0: Fly out, F9 (Flyball, 9LS, EV 90.0 MPH)
Batting: SHB Eisse van Opdorp 0-0: Foul Ball, location: 2F
0-1: Swinging Strike
0-2: Strikes out swinging
Top of the 5th over - 0 runs, 1 hit, 0 errors, 1 left on base; Boston 1 - St. Louis 0
BOTTOM OF THE 5TH
St. Louis Coeur batting - Pitching for Boston Patriots : RHP Nicky Bogdan
Batting: RHB Joel Iyiegbuniwe 0-0: Foul Ball, location: 2F
0-1: Foul Ball, location: 2F
0-2: Strikes out looking
Batting: RHB Ik-jun Cho 0-0: Ball
1-0: Foul Ball, location: 2F
1-1: Ball
2-1: Foul Ball, location: 2F
2-2: Ball
3-2: SINGLE (Groundball, 56D, EV 106.9 MPH)
Batting: LHB Pedro Marrero 0-0: Ball
1-0: Ball
2-0: Foul Ball, location: 2F
2-1: Called Strike
2-2: Strikes out swinging
Batting: RHB Nobuhisa Murakami 0-0: Ball
Ik-jun Cho steals 2nd base
1-0: Ball
2-0: Foul Ball, location: 2F
2-1: Ball
3-1: SINGLE (Groundball, 56D, EV 101.9 MPH)
Ik-jun Cho to third
Runner from 3rd tries for Home, SAFE, throw by LF to home
Batting: LHB Tillmam Cru 0-0: Ball
Nobuhisa Murakami is caught stealing 2nd base 2-6
Bottom of the 5th over - 1 run, 2 hits, 0 errors, 0 left on base; Boston 1 - St. Louis 1
TOP OF THE 6TH
Boston Patriots batting - Pitching for St. Louis Coeur : LHP Ralph Greer
Batting: SHB Jasper Morrison 0-0: Called Strike
0-1: Called Strike
0-2: Foul Ball, location: 2F
0-2: Ball
1-2: Ball
2-2: Foul Ball, location: 2F
2-2: Strikes out looking
Batting: RHB Jon Osterman 0-0: Ball
1-0: Ball
2-0: Called Strike
2-1: Swinging Strike
2-2: Strikes out swinging
Batting: RHB Alfredo Araújo 0-0: Ball
1-0: Ground out 6-3 (Groundball, 6, EV 103.8 MPH)
Top of the 6th over - 0 runs, 0 hits, 0 errors, 0 left on base; Boston 1 - St. Louis 1
BOTTOM OF THE 6TH
St. Louis Coeur batting - Pitching for Boston Patriots : RHP Nicky Bogdan
Batting: LHB Tillmam Cru 0-0: Swinging Strike
0-1: Called Strike
0-2: Ball
1-2: Strikes out swinging
Batting: LHB Qing-nian Zexian 0-0: Foul Ball, location: 2F
0-1: Called Strike
0-2: Ball
1-2: Ball
2-2: Fly out, F9 (Flyball, 9LMF, EV 102.5 MPH)
Batting: RHB Jaime Soto 0-0: Called Strike
0-1: Ball
1-1: Foul Ball, location: 2F
1-2: Ball
2-2: Foul Ball, location: 2F
2-2: Foul Ball, location: 2F
2-2: Foul Ball, location: 2F
2-2: Foul Ball, location: 2F
2-2: Foul Ball, location: 2F
2-2: Strikes out swinging
Bottom of the 6th over - 0 runs, 0 hits, 0 errors, 0 left on base; Boston 1 - St. Louis 1
TOP OF THE 7TH
Boston Patriots batting - Pitching for St. Louis Coeur : LHP Ralph Greer
Pitching: LHP Denie Ulderink
Batting: RHB Eikki Kankaanperä 0-0: Ball
1-0: Ball
2-0: Called Strike
2-1: Called Strike
2-2: Ball
3-2: Strikes out looking
Batting: RHB Juan Dávila 0-0: Called Strike
0-1: Ball
1-1: Ground out 4-3 (Groundball, 4, EV 83.8 MPH)
Batting: RHB Frank Ray 0-0: Ball
1-0: Called Strike
1-1: Ball
2-1: SINGLE (Groundball, 6MD, EV 99.4 MPH)
Batting: LHB Juan Andrés Martí 0-0: Fly out, F9 (Flyball, 89S, EV 93.8 MPH)
Top of the 7th over - 0 runs, 1 hit, 0 errors, 1 left on base; Boston 1 - St. Louis 1
BOTTOM OF THE 7TH
St. Louis Coeur batting - Pitching for Boston Patriots : RHP Nicky Bogdan
Pitching: RHP Firpo Marberry
Batting: LHB Jae-seop Byeon 0-0: Ground out 4-3 (Groundball, 4, EV 84.4 MPH)
Batting: RHB Guillermo Coss 0-0: Ball
1-0: Called Strike
1-1: Fly out, F4 (Popup, 3S, EV 83.8 MPH)
Batting: RHB Joel Iyiegbuniwe 0-0: Ball
1-0: Ball
2-0: Ball
3-0: Called Strike
3-1: Foul Ball, location: 2F
3-2: Base on Balls
Batting: RHB Ik-jun Cho 0-0: Ball
Joel Iyiegbuniwe steals 2nd base
1-0: Ball
2-0: Ball
3-0: Called Strike
3-1: Foul Ball, location: 2F
3-2: Base on Balls
Batting: LHB Pedro Marrero 0-0: Called Strike
0-1: Ball
1-1: Called Strike
1-2: Ball
2-2: Foul Ball, location: 2F
2-2: Fly out, F8 (Flyball, 8RS, EV 89.4 MPH)
Bottom of the 7th over - 0 runs, 0 hits, 0 errors, 2 left on base; Boston 1 - St. Louis 1
TOP OF THE 8TH
Boston Patriots batting - Pitching for St. Louis Coeur : LHP Denie Ulderink
Batting: RHB Tyler Bowen 0-0: Ball
1-0: Called Strike
1-1: SINGLE (Line Drive, 9LS, EV 86.2 MPH)
Batting: SHB Eisse van Opdorp 0-0: Called Strike
0-1: Ball
1-1: Fielders Choice at 2nd, 4-6 (Groundball, 4, EV 86.9 MPH)
Batting: SHB Jasper Morrison 0-0: Foul Ball, location: 2F
0-1: Swinging Strike
0-2: Ball
1-2: Ball
2-2: DOUBLE (Line Drive, 3D, EV 93.8 MPH)
Eisse van Opdorp to third
Runner from 3rd tries for Home, SAFE, no throw by RF
Batting: RHB Jon Osterman 0-0: Ball
1-0: Ball
2-0: SINGLE (Groundball, 6MD, EV 100.6 MPH)
Jasper Morrison to third
Runner from 3rd tries for Home, SAFE, no throw by CF
Batting: RHB Alfredo Araújo 0-0: Ball
1-0: Grounds into double play, 6-4-3 (Groundball, 6, EV 100.6 MPH)
Top of the 8th over - 2 runs, 3 hits, 0 errors, 0 left on base; Boston 3 - St. Louis 1
BOTTOM OF THE 8TH
St. Louis Coeur batting - Pitching for Boston Patriots : RHP Firpo Marberry
Batting: RHB Nobuhisa Murakami 0-0: Called Strike
0-1: Swinging Strike
0-2: Ball
1-2: Strikes out swinging
Batting: LHB Tillmam Cru 0-0: Ball
1-0: Foul Ball, location: 2F
1-1: Ball
2-1: Ball
3-1: Called Strike
3-2: Strikes out swinging
Batting: LHB Qing-nian Zexian 0-0: Called Strike
0-1: Ball
1-1: Ball
2-1: Foul Ball, location: 2F
2-2: Strikes out swinging
Bottom of the 8th over - 0 runs, 0 hits, 0 errors, 0 left on base; Boston 3 - St. Louis 1
TOP OF THE 9TH
Boston Patriots batting - Pitching for St. Louis Coeur : LHP Denie Ulderink
Batting: RHB Eikki Kankaanperä 0-0: Ball
1-0: Ball
2-0: Ball
3-0: Called Strike
3-1: Ground out 6-3 (Groundball, 6, EV 85.6 MPH)
Batting: RHB Juan Dávila 0-0: Ball
1-0: Called Strike
1-1: Ball
2-1: Ground out 6-3 (Groundball, 6, EV 91.2 MPH)
Batting: RHB Frank Ray 0-0: Ball
1-0: Ball
2-0: Called Strike
2-1: Ball
3-1: Base on Balls
Pitching: RHP Marcel Bloemheuvel
Batting: LHB Juan Andrés Martí 0-0: Swinging Strike
0-1: Ball
1-1: Swinging Strike
1-2: Strikes out looking
Top of the 9th over - 0 runs, 0 hits, 0 errors, 1 left on base; Boston 3 - St. Louis 1
BOTTOM OF THE 9TH
St. Louis Coeur batting - Pitching for Boston Patriots : RHP Firpo Marberry
Batting: RHB Jaime Soto 0-0: Called Strike
0-1: Ball
1-1: Ground out 2-3 (Groundball, 13S, EV 62.5 MPH)
Batting: LHB Jae-seop Byeon 0-0: Called Strike
0-1: SINGLE (Line Drive, 9S, EV 101.2 MPH)
Pitching: RHP Grover Lowdermilk
Batting: RHB Guillermo Coss 0-0: Called Strike
0-1: Ground out 6-3 (Groundball, 6S, EV 65.6 MPH)
Jae-seop Byeon to second
Batting: RHB Joel Iyiegbuniwe 0-0: Ball
1-0: Ball
2-0: Ball
3-0: SINGLE (Groundball, 34, EV 105.0 MPH) (infield hit)
Jae-seop Byeon to third
Batting: RHB Ik-jun Cho 0-0: Called Strike
0-1: Called Strike
0-2: Foul Ball, location: 2F
0-2: Foul Ball, location: 2F
0-2: Foul Ball, location: 2F
0-2: Foul Ball, location: 2F
0-2: Ball
Wild Pitch!
Jae-seop Byeon scores
Joel Iyiegbuniwe to second
1-2: Ball
2-2: Fly out, F8 (Flyball, 89D, EV 90.0 MPH)
Bottom of the 9th over - 1 run, 2 hits, 0 errors, 1 left on base; Boston 3 - St. Louis 2
Friday, March 26th, 2021 - OOTP Baseball 20.8 Build 74